General information
- name: BNet
- type: Ladder team game (AT/RT)
- host: Battle.net
- saver: butter15
map: Everfrost
- players: 6
- length: 25:42
- speed: Fast
- version: 1.27 W3XP
- replay type:

» download(233 KB)
Players
team 1 (loser)

»
derPhoenix614 (
purple | 104 APM | 2646 actions | 25:30)
4 Blademaster
2 Wind Walk
2 Critical Strike
3 Shadow Hunter
2 Hex
1 Healing Wave
» actions
| Assign group hotkey | 29 | |
| Basic commands | 18 | |
| Build / train | 99 | |
| ESC pressed | 2 | |
| Enter build submenu | 12 | |
| Enter hero's abilities submenu | 11 | |
| Give item / drop item | 3 | |
| Remove unit from queue | 2 | |
| Right click | 1207 | |
| Select / deselect | 609 | |
| Select group hotkey | 546 | |
| Use ability | 108 | |
2646 total
» units
| Peon | 11 | |
| Grunt | 6 | |
| Troll Batrider | 15 | |
| Shaman | 9 | |
| Demolisher | 21 | |
62 total
» upgrades
| Berserker Strength | 1 | |
| Ranged Weapons | 3 | |
| Shaman Training | 2 | |
| Spiked Barricades | 1 | |
| Burning Oil | 1 | |
| Ensnare | 1 | |
| Liquid Fire | 1 | |
| Witch Doctor Training | 1 | |
11 total
» buildings
| Altar of Storms | 1 | |
| Orc Burrow | 4 | |
| Barracks | 1 | |
| Voodoo Lounge | 1 | |
| Stronghold | 3 | |
| War Mill | 1 | |
| Beastiary | 1 | |
| Spirit Lodge | 1 | |
| Fortress | 1 | |
| Great Hall | 1 | |
15 total
» build order
00:08 Altar of Storms
00:20 Orc Burrow
00:41 Barracks
01:31 Orc Burrow
01:55 Voodoo Lounge
02:54 Stronghold
02:54 Stronghold
02:55 Stronghold
03:30 Orc Burrow
03:57 War Mill
04:31 Orc Burrow
06:27 Beastiary
07:27 Spirit Lodge
08:55 Fortress
17:44 Great Hall
» items
| Healing Salve | 2 | |
| Scroll of Regeneration | 2 | |
| Lesser Clarity Potion | 4 | |
| Boots of Speed | 1 | |
| Orb of Lightning | 1 | |
10 total

»
JudgeDreaded (
orange | 61 APM | 1575 actions | 25:40)
4 Archmage
2 Summon Water Elemental
2 Brilliance Aura
3 Mountain King
2 Storm Bolt
1 Bash
» actions
| Assign group hotkey | 27 | |
| Basic commands | 70 | |
| Build / train | 87 | |
| Enter build submenu | 55 | |
| Enter hero's abilities submenu | 8 | |
| Remove unit from queue | 1 | |
| Right click | 557 | |
| Select / deselect | 300 | |
| Select group hotkey | 330 | |
| Use ability | 139 | |
1575 total
» units
| Peasant | 11 | |
| Footman | 10 | |
| Sorceress | 4 | |
| Priest | 5 | |
| Spell Breaker | 1 | |
31 total
» upgrades
| Defend | 1 | |
| Lumber Harvesting | 2 | |
| Masonry | 1 | |
| Sorceress Training | 2 | |
| Priest Training | 2 | |
| Swords | 1 | |
| Plating | 1 | |
10 total
» buildings
| Altar of Kings | 1 | |
| Barracks | 2 | |
| Farm | 11 | |
| Scout Tower | 31 | |
| Lumber Mill | 1 | |
| Arcane Tower | 8 | |
| Arcane Vault | 1 | |
| Keep | 1 | |
| Castle | 1 | |
| Guard Tower | 18 | |
| Arcane Sanctum | 4 | |
| Blacksmith | 2 | |
| Town Hall | 3 | |
84 total
» build order
00:14 Altar of Kings
00:22 Barracks
00:42 Farm
00:52 Farm
01:41 Farm
02:04 Scout Tower
02:23 Lumber Mill
02:33 Arcane Tower
02:34 Arcane Tower
02:42 Scout Tower
02:49 Arcane Vault
03:36 Keep
04:15 Arcane Tower
04:15 Arcane Tower
04:15 Arcane Tower
04:41 Barracks
05:14 Scout Tower
05:20 Scout Tower
06:06 Farm
06:10 Farm
06:11 Farm
06:26 Farm
06:30 Farm
06:34 Farm
06:40 Farm
06:42 Farm
06:50 Castle
07:34 Arcane Tower
07:35 Guard Tower
07:44 Scout Tower
07:45 Scout Tower
07:51 Scout Tower
08:16 Guard Tower
08:18 Guard Tower
08:53 Guard Tower
09:08 Arcane Sanctum
09:11 Arcane Sanctum
10:24 Arcane Sanctum
10:29 Arcane Sanctum
12:02 Blacksmith
12:03 Blacksmith
16:06 Town Hall
17:19 Town Hall
17:39 Scout Tower
17:54 Scout Tower
18:41 Guard Tower
18:43 Scout Tower
18:46 Scout Tower
19:46 Arcane Tower
19:48 Scout Tower
19:50 Scout Tower
19:51 Scout Tower
19:52 Scout Tower
19:53 Scout Tower
20:33 Guard Tower
21:36 Guard Tower
21:52 Scout Tower
22:11 Scout Tower
22:13 Scout Tower
22:22 Scout Tower
22:25 Scout Tower
22:29 Scout Tower
22:33 Scout Tower
23:15 Guard Tower
23:18 Arcane Tower
23:22 Scout Tower
23:24 Scout Tower
23:31 Guard Tower
23:32 Guard Tower
23:34 Scout Tower
23:35 Scout Tower
23:42 Town Hall
23:47 Scout Tower
23:51 Scout Tower
23:54 Scout Tower
23:56 Scout Tower
24:25 Guard Tower
24:28 Guard Tower
24:28 Guard Tower
25:25 Guard Tower
25:30 Guard Tower
25:33 Guard Tower
» items
| Scroll of Regeneration | 2 | |
| Scroll of Town Portal | 1 | |
3 total
ProbeFarm (
yellow | 101 APM | 2568 actions | 25:26)
4 Shadow Hunter
2 Serpent Ward
1 Hex
1 Healing Wave
1 Tauren Chieftain
1 Endurance Aura
» actions
| Assign group hotkey | 150 | |
| Basic commands | 67 | |
| Build / train | 78 | |
| ESC pressed | 9 | |
| Enter build submenu | 25 | |
| Enter hero's abilities submenu | 6 | |
| Right click | 1271 | |
| Select / deselect | 677 | |
| Select group hotkey | 52 | |
| Use ability | 230 | |
2568 total
» units
| Peon | 8 | |
| Grunt | 9 | |
| Raider | 24 | |
| Shaman | 4 | |
| Demolisher | 11 | |
56 total
» upgrades
| Berserker Strength | 1 | |
| Ensnare | 1 | |
| Shaman Training | 2 | |
| Pillage | 1 | |
| Melee Weapons | 1 | |
| Armor | 1 | |
| Burning Oil | 2 | |
| Troll Regeneration | 1 | |
10 total
» buildings
| Barracks | 1 | |
| Altar of Storms | 1 | |
| Orc Burrow | 7 | |
| Stronghold | 1 | |
| Voodoo Lounge | 1 | |
| War Mill | 1 | |
| Fortress | 1 | |
| Beastiary | 1 | |
| Spirit Lodge | 1 | |
| Watch Tower | 6 | |
| Great Hall | 2 | |
23 total
» build order
00:13 Barracks
00:29 Altar of Storms
00:57 Orc Burrow
01:44 Orc Burrow
01:45 Orc Burrow
03:19 Stronghold
03:26 Voodoo Lounge
04:32 War Mill
05:59 Fortress
06:11 Orc Burrow
06:13 Beastiary
06:14 Spirit Lodge
07:50 Orc Burrow
07:52 Orc Burrow
08:53 Orc Burrow
18:20 Watch Tower
18:44 Watch Tower
20:12 Watch Tower
20:46 Great Hall
21:16 Watch Tower
21:55 Watch Tower
22:04 Watch Tower
24:49 Great Hall
» items
team 2 (winner)
butter15 (
red | 126 APM | 3247 actions | 25:42)
4 Blademaster
2 Wind Walk
2 Critical Strike
» actions
| Assign group hotkey | 17 | |
| Basic commands | 1 | |
| Build / train | 65 | |
| Enter build submenu | 47 | |
| Enter hero's abilities submenu | 4 | |
| Give item / drop item | 4 | |
| Remove unit from queue | 2 | |
| Right click | 2354 | |
| Select / deselect | 249 | |
| Select group hotkey | 305 | |
| Use ability | 199 | |
3247 total
» units
» upgrades
| Ranged Weapons | 3 | |
| Liquid Fire | 1 | |
4 total
» buildings
| Altar of Storms | 1 | |
| Orc Burrow | 4 | |
| War Mill | 1 | |
| Voodoo Lounge | 4 | |
| Watch Tower | 49 | |
| Stronghold | 3 | |
| Beastiary | 2 | |
| Fortress | 1 | |
| Great Hall | 1 | |
66 total
» build order
00:06 Altar of Storms
00:18 Orc Burrow
00:35 War Mill
01:21 Voodoo Lounge
01:46 Watch Tower
02:06 Watch Tower
02:42 Watch Tower
02:44 Watch Tower
03:28 Watch Tower
03:30 Stronghold
03:30 Stronghold
03:35 Watch Tower
03:36 Watch Tower
04:04 Watch Tower
04:08 Orc Burrow
04:34 Watch Tower
04:41 Orc Burrow
04:51 Watch Tower
04:55 Watch Tower
05:11 Watch Tower
05:15 Watch Tower
05:16 Watch Tower
05:17 Watch Tower
05:52 Beastiary
06:06 Beastiary
06:32 Voodoo Lounge
06:35 Voodoo Lounge
07:23 Watch Tower
07:24 Watch Tower
08:17 Voodoo Lounge
09:27 Watch Tower
09:27 Watch Tower
09:29 Watch Tower
09:29 Watch Tower
10:29 Fortress
12:18 Great Hall
12:20 Watch Tower
12:40 Watch Tower
13:01 Watch Tower
13:09 Watch Tower
14:45 Watch Tower
14:45 Watch Tower
14:45 Watch Tower
14:46 Watch Tower
14:46 Watch Tower
14:46 Watch Tower
14:47 Watch Tower
14:47 Watch Tower
17:10 Watch Tower
17:10 Watch Tower
17:10 Watch Tower
17:11 Watch Tower
21:00 Watch Tower
21:01 Watch Tower
21:02 Watch Tower
21:02 Watch Tower
21:03 Watch Tower
21:03 Watch Tower
21:03 Watch Tower
21:04 Watch Tower
21:37 Orc Burrow
24:31 Watch Tower
24:31 Watch Tower
24:31 Watch Tower
24:32 Watch Tower
» items
| Healing Salve | 5 | |
| Lesser Clarity Potion | 6 | |
| Boots of Speed | 1 | |
| Staff of Teleportation | 2 | |
| Orb of Lightning | 1 | |
| Potion of Lesser Invulnerability | 1 | |
| Potion of Mana | 2 | |
| Potion of Healing | 1 | |
19 total
iggy_the_fisk (
teal | 138 APM | 3534 actions | 25:40)
3 Archmage
2 Blizzard
1 Brilliance Aura
3 Blood Mage
2 Flame Strike
1 Siphon Mana
2 Pit Lord
1 Rain of Fire
1 Cleaving Attack
» actions
| Assign group hotkey | 305 | |
| Basic commands | 32 | |
| Build / train | 139 | |
| Enter build submenu | 88 | |
| Enter hero's abilities submenu | 8 | |
| Give item / drop item | 3 | |
| Right click | 1726 | |
| Select / deselect | 443 | |
| Select group hotkey | 555 | |
| Use ability | 235 | |
3534 total
» units
» upgrades
| Masonry | 3 | |
| Lumber Harvesting | 2 | |
| Magic Sentry | 1 | |
6 total
» buildings
| Altar of Kings | 1 | |
| Farm | 4 | |
| Scout Tower | 85 | |
| Lumber Mill | 1 | |
| Arcane Tower | 12 | |
| Guard Tower | 47 | |
| Arcane Vault | 1 | |
| Keep | 1 | |
| Castle | 1 | |
| Town Hall | 2 | |
| Arcane Sanctum | 1 | |
156 total
» build order
00:07 Altar of Kings
00:19 Farm
00:41 Farm
00:51 Scout Tower
00:55 Scout Tower
00:59 Lumber Mill
02:10 Arcane Tower
02:10 Arcane Tower
02:12 Scout Tower
02:14 Scout Tower
02:14 Scout Tower
02:32 Farm
02:39 Guard Tower
02:43 Arcane Vault
02:48 Scout Tower
03:07 Guard Tower
03:09 Scout Tower
03:15 Scout Tower
03:34 Keep
03:40 Guard Tower
03:47 Arcane Tower
05:03 Scout Tower
05:05 Scout Tower
05:11 Scout Tower
05:12 Scout Tower
05:15 Scout Tower
05:16 Scout Tower
05:44 Guard Tower
06:28 Guard Tower
06:29 Scout Tower
06:30 Arcane Tower
06:30 Guard Tower
06:32 Scout Tower
06:33 Scout Tower
06:34 Scout Tower
06:35 Scout Tower
06:45 Farm
06:55 Guard Tower
06:58 Scout Tower
07:02 Arcane Tower
07:06 Scout Tower
07:07 Guard Tower
07:20 Castle
07:29 Scout Tower
07:52 Guard Tower
08:00 Guard Tower
08:06 Town Hall
08:09 Scout Tower
08:13 Guard Tower
08:14 Scout Tower
08:16 Arcane Tower
08:16 Guard Tower
08:42 Guard Tower
08:46 Scout Tower
08:46 Scout Tower
08:47 Guard Tower
08:48 Guard Tower
08:51 Guard Tower
08:52 Scout Tower
08:53 Scout Tower
08:54 Scout Tower
08:58 Scout Tower
09:37 Guard Tower
09:42 Arcane Tower
09:47 Scout Tower
09:48 Scout Tower
09:56 Guard Tower
09:57 Scout Tower
09:58 Scout Tower
10:36 Guard Tower
10:57 Guard Tower
10:59 Scout Tower
11:00 Scout Tower
11:28 Scout Tower
11:31 Scout Tower
11:33 Scout Tower
11:38 Scout Tower
11:39 Scout Tower
11:42 Guard Tower
11:45 Scout Tower
11:46 Scout Tower
11:47 Scout Tower
11:48 Scout Tower
12:26 Scout Tower
12:27 Scout Tower
12:29 Arcane Tower
12:31 Scout Tower
12:32 Scout Tower
12:35 Scout Tower
12:35 Scout Tower
12:36 Arcane Tower
12:38 Guard Tower
12:43 Arcane Sanctum
12:48 Guard Tower
12:53 Arcane Tower
12:55 Scout Tower
13:09 Guard Tower
13:19 Guard Tower
13:21 Scout Tower
13:22 Scout Tower
13:23 Guard Tower
13:27 Scout Tower
13:28 Guard Tower
13:30 Scout Tower
13:31 Scout Tower
13:57 Guard Tower
14:03 Guard Tower
14:26 Guard Tower
14:27 Guard Tower
14:27 Guard Tower
14:50 Guard Tower
16:54 Scout Tower
16:56 Scout Tower
16:56 Scout Tower
16:57 Scout Tower
16:58 Scout Tower
17:00 Scout Tower
17:01 Scout Tower
17:02 Scout Tower
17:06 Town Hall
17:26 Arcane Tower
17:30 Guard Tower
17:35 Scout Tower
17:36 Scout Tower
17:37 Scout Tower
17:46 Scout Tower
17:48 Scout Tower
18:01 Guard Tower
18:02 Scout Tower
18:03 Scout Tower
18:41 Guard Tower
18:43 Scout Tower
18:54 Scout Tower
18:59 Scout Tower
19:12 Guard Tower
19:28 Guard Tower
20:50 Scout Tower
20:52 Scout Tower
21:07 Scout Tower
21:10 Scout Tower
21:11 Scout Tower
21:20 Guard Tower
21:23 Scout Tower
21:40 Guard Tower
21:49 Guard Tower
21:57 Guard Tower
21:58 Scout Tower
22:08 Scout Tower
22:15 Guard Tower
22:22 Scout Tower
22:27 Guard Tower
22:28 Scout Tower
22:34 Guard Tower
22:52 Guard Tower
23:22 Guard Tower
» items
| Scroll of Regeneration | 5 | |
| Lesser Clarity Potion | 1 | |
| Staff of Teleportation | 1 | |
| Boots of Speed | 5 | |
| Potion of Healing | 1 | |
| Staff of Sanctuary | 4 | |
| Orb of Venom | 2 | |
| Scroll of Town Portal | 1 | |
20 total
LastWigInParis (
pink | 123 APM | 3149 actions | 25:40)
4 Warden
2 Shadow Strike
2 Blink
2 Pandaren Brewmaster
1 Breath of Fire
1 Drunken Haze
» actions
| Assign group hotkey | 95 | |
| Basic commands | 50 | |
| Build / train | 72 | |
| ESC pressed | 2 | |
| Enter build submenu | 22 | |
| Enter hero's abilities submenu | 7 | |
| Give item / drop item | 2 | |
| Remove unit from queue | 1 | |
| Right click | 2025 | |
| Select / deselect | 404 | |
| Select group hotkey | 306 | |
| Use ability | 161 | |
3149 total
» units
» upgrades
| Ultravision | 1 | |
| Well Spring | 1 | |
| Strength of the Wild | 2 | |
| Reinforced Hides | 2 | |
6 total
» buildings
| Altar of Elders | 1 | |
| Moon Well | 11 | |
| Tree of Life | 1 | |
| Hunter's Hall | 1 | |
| Tree of Ages | 3 | |
| Ancient of Wonders | 2 | |
| Tree of Eternity | 2 | |
| Ancient of Wind | 1 | |
| Chimaera Roost | 2 | |
24 total
» build order
00:04 Altar of Elders
00:06 Moon Well
01:27 Moon Well
04:53 Tree of Life
05:45 Hunter's Hall
05:55 Tree of Ages
05:56 Tree of Ages
05:56 Tree of Ages
06:35 Moon Well
06:38 Moon Well
06:39 Moon Well
07:25 Moon Well
07:29 Moon Well
07:42 Ancient of Wonders
08:19 Ancient of Wonders
08:35 Tree of Eternity
08:37 Ancient of Wind
11:48 Moon Well
11:49 Moon Well
11:51 Moon Well
11:52 Moon Well
20:26 Chimaera Roost
20:26 Chimaera Roost
» items
| Boots of Speed | 2 | |
| Staff of Teleportation | 2 | |
| Potion of Healing | 2 | |
| Lesser Clarity Potion | 2 | |
| Orb of Venom | 1 | |
| Dust of Appearance | 1 | |
| Scroll of Town Portal | 1 | |
| Orb of Lightning | 1 | |
| Staff of Preservation | 2 | |
| Moonstone | 1 | |
| Periapt of Vitality | 1 | |
| Circlet of Nobility | 1 | |
| Healing Salve | 1 | |
18 total
Chat log
(01:08 / All) butter15: hi guyts
(25:37 / All) JudgeDreaded: gg wp